Map: Disco Bloodbath LE

Players

HAS

  • Race: Protoss Protoss
  • Spawn Location: 9:00

SKillous - Winner!

  • Race: Protoss Protoss
  • League: Master
  • Spawn Location: 3:00

Event: NationWars 2019

VOD

Have the link to the VOD?

Description

Time

  • Played on: Nov. 16, 2019, 10:18 a.m.
  • Length: 4:43
Show
View Real Time Build Order
Export as new Build Order

HAS Protoss 

Build Orders:  

Get SALT Encoding   

  12  0:00  Probe  
  13  0:13  Probe  
  14  0:20  Pylon  
  14  0:25  Probe  
  15  0:38  Probe (Chrono Boost)  
  15  0:40  Gateway  
  16  0:48  Probe (Chrono Boost), Assimilator  
  17  0:53  Probe (Chrono Boost)  
  18  0:57  Assimilator  
  18  1:05  Probe  
  18  1:08  Pylon  
  19  1:18  Probe  
  20  1:27  Cybernetics Core  
  20  1:30  Probe  
  21  1:35  Pylon  
  21  1:42  Probe  
  22  1:54  Probe  
  22  2:01  Adept (Chrono Boost)  
  23  2:04  Warp Gate  
  23  2:06  Probe  
  26  2:18  Probe  
  26  2:21  Pylon  
  27  2:24  Sentry (Chrono Boost)  
  29  2:30  Probe  
  29  2:33  Twilight Council  
  32  2:53  Nexus  
  32  2:56  Pylon  
  30  3:04  Shield Battery  
  30  3:08  Gateway  
  31  3:21  Adept  
  31  3:24  Probe  
  33  3:31  Pylon  
  33  3:38  Pylon  
  33  3:44  Shield Battery  
  33  3:59  Stalker  
  33  4:01  Shield Battery  
  33  4:03  Stalker  
  33  4:04  Stalker  
  37  4:10  Pylon  
  33  4:18  Pylon  
  31  4:26  Pylon  
Show
View Real Time Build Order
Export as new Build Order

SKillous Protoss - Winner!

Build Orders:  

Get SALT Encoding   

  12  0:00  Probe  
  13  0:13  Probe  
  14  0:17  Pylon  
  14  0:25  Probe  
  15  0:35  Gateway  
  15  0:37  Probe (Chrono Boost)  
  16  0:44  Assimilator  
  16  0:47  Probe (Chrono Boost)  
  17  0:53  Probe  
  18  1:05  Probe  
  18  1:06  Assimilator  
  19  1:17  Probe  
  20  1:24  Gateway  
  20  1:26  Cybernetics Core  
  20  1:29  Probe  
  21  1:39  Pylon  
  21  1:41  Probe  
  22  1:53  Probe  
  23  2:01  Warp Gate (Chrono Boost)  
  23  2:03  Stalker  
  23  2:05  Probe  
  26  2:14  Stalker, Pylon  
  28  2:33  Stalker  
  30  2:42  Pylon  
  30  2:50  Stalker (Chrono Boost)  
  32  2:57  Nexus  
  32  3:00  Stalker (Chrono Boost)  
  34  3:07  Pylon  
  34  3:09  Probe  
  37  3:21  Probe  
  38  3:30  Shield Battery  
  36  3:35  Stalker x2  
  36  3:38  Probe  
  40  3:51  Robotics Facility  
  40  3:59  Stalker  
  40  4:02  Stalker  
  44  4:06  Probe  
  41  4:19  Probe  
Tags
 
Add a new tag
Caveats
  • Supply blocks, unpowered buildings, or Contaminate may cause inaccurate times.
  • Supply counts are checked every 10 seconds.